 Dungeon Sprint DCSS version 0.30.1-11-g7821555f0a (webtiles) character file.

Game seed: 16988331649303583213

8775 Groucho the Unseen (level 11, -25/58 HPs)
             Began as a Spriggan Enchanter on Dec 10, 2023.
             Was a High Priest of Dithmenos.
             Killed from afar by a storm dragon (28 damage)
             ... with a bolt of lightning
             ... in the Dungeon (Sprint II: "The Violet Keep of Menkaure").
             The game lasted 00:12:26 (2376 turns).

Groucho the Unseen (Spriggan Enchanter)             Turns: 2376, Time: 00:12:26

Health: -25/58     AC:  5    Str:  4    XL:     11   Next: 14%
Magic:  23/28      EV: 18    Int: 20    God:    Dithmenos [*****.]
Gold:   412        SH:  0    Dex: 17    Spells: 18/34 levels left

rFire   + . .        a - +1 dagger
rCold   . . .        (no shield)
rNeg    . . .        f - +1 robe {rF+}
rPois   .            (helmet restricted)
rElec   .            b - +1 cloak {Will+}
rCorr   .            (gloves unavailable)
SInv    +            (boots unavailable)
Will    ++...        (no amulet)
Stlth   +++++++++    d - ring of flight
HPRegen 0.29/turn    (no ring)
MPRegen 0.21/turn

%: no teleportation
@: flying, wreathed by umbra, very quick
A: very small, no large weapons, unfitting armour, see invisible, speed 3
a: Renounce Religion, Shadow Step, Shadow Form


You were in the Dungeon.
You worshipped Dithmenos.
Dithmenos was extremely pleased with you.
You visited 1 branch You collected 1229 gold pieces.
You spent 817 gold pieces at shops.

Inventory:

Hand Weapons
 a - a +1 dagger (weapon)
Armour
 b - a +1 cloak of willpower (worn)
 f - a +1 robe of fire resistance (worn)
 j - the +0 cloak "Ylithito" {Rampage rF- rC+++ Str-2}
   (You bought it in a shop in the Dungeon)

   Str:       It affects your strength (-2).
   rF:        It makes you vulnerable to fire.
   rC:        It renders you almost immune to cold.
   Rampage:   It bestows one free step when moving towards enemies.
Jewellery
 d - a ring of flight (left hand)
Scrolls
 c - 3 scrolls of acquirement {unknown}
 i - a scroll of blinking
Potions
 g - 2 potions of magic
 h - a potion of berserk rage


   Skills:
 - Level 7.0 Fighting
 - Level 10.0 Short Blades
 - Level 4.0 Dodging
 - Level 15.0 Stealth
 - Level 12.0 Spellcasting
 * Level 8.6 Conjurations
 - Level 14.0 Hexes
 + Level 6.5 Fire Magic
 * Level 10.3 Earth Magic


You had 18 spell levels left.
You knew the following spells:

 Your Spells              Type           Power      Damage    Failure   Level
a - Confusing Touch       Hex            61%        N/A       1%          3
b - Ensorcelled Hibernat  Hex/Ice        80%        N/A       1%          2
c - Dazzling Flash        Conj/Hex       100%       N/A       1%          3
d - Tukima's Dance        Hex            61%        N/A       1%          3
e - Passwall              Tmut/Erth      26%        N/A       1%          2
f - Stone Arrow           Conj/Erth      98%        3d13      1%          3

Your spell library contained the following spells:

 Spells                   Type           Power      Damage    Failure   Level
 Sandblast                Erth           100%       2d20      1%          1


Dungeon Overview and Level Annotations

Branches:
Dungeon (1/1)

Altars:
Cheibriados
Dithmenos
Elyvilon
Fedhas
Gozag
Hepliaklqana
Kikubaaqudgha
Makhleb
Nemelex Xobeh
Okawaru
Qazlal
Ru
Sif Muna
Trog
Uskayaw
Vehumet
Wu Jian
Xom
Yredelemnul
Zin
The Shining One
Jiyva
Lugonu

Shops:
D ::[=*![=?*?[!=(**?!

Annotations:
D exclusions: ice statue and oklob plant, Roxanne


Innate Abilities, Weirdness & Mutations

You are very small and have problems with some larger weapons.
You are too small for most types of armour.
You have supernaturally acute eyesight. (SInv)
You cover ground extremely quickly. (Speed+++)


Message History

There is an open door, spattered with blood here.
Casting: Confusing Touch (safe; 1% risk of failure)
Confirm with . or Enter, or press ? or * to list all spells.
Okay, then.
There is an entrance to Nurchulat's Distillery here.
Casting: Confusing Touch (safe; 1% risk of failure)
Confirm with . or Enter, or press ? or * to list all spells.
Casting: Dazzling Flash (safe; 1% risk of failure)
Press: ? - help, Dir - look around, f - activate The storm dragon is dazzled.
The storm dragon roars deafeningly!
Unknown command.
Unknown command.
Unknown command.
The storm dragon misses you. The storm dragon claws you.
The storm dragon tramples you!
You are shoved backwards!
There is an entrance to Nurchulat's Distillery here.
You hit the storm dragon but do no damage.
The storm dragon bites you! The storm dragon misses you.
The storm dragon tramples you!
You are shoved backwards!
You hit the storm dragon.
The storm dragon is lightly wounded.
Unknown command.
You hit the storm dragon but do no damage.
The storm dragon is lightly wounded.
You closely miss the storm dragon.
The storm dragon is lightly wounded.
The storm dragon is no longer blind.
Unknown command.
Unknown command.
Casting: Dazzling Flash (safe; 1% risk of failure)
Confirm with . or Enter, or press ? or * to list all spells.
Casting: Dazzling Flash (safe; 1% risk of failure)
Press: ? - help, Dir - look around, f - activate The storm dragon bites you!!
* * * LOW HITPOINT WARNING * * *
The storm dragon closely misses you. The storm dragon barely misses you.
The storm dragon breathes lightning at you.
The bolt of lightning hits you!!
You die...

############ #∩∩∩.D@.'.[#
#######.#### ####+####
##°○°°°≈≈## ##≈°°≈°°°≈≈##
+≈≈°°≈≈°°○≈≈##++##
####°≈≈≈°°°≈○##≈..^###
.~##≈≈≈°°°°##)≈.....#
###########~~#+++#'''#####....#
#


You could see a storm dragon (catching breath).

Vanquished Creatures
  A golden dragon (D)
  A deep elf master archer (D)
  2 boulder beetles (D)
  An iron elemental (D)
  A death drake (D)
  3 manticores (D)
  A yaktaur (D)
  3 polar bears (D)
  A hornet (D)
  2 wyverns (D)
  5 water moccasins (D)
  A swamp drake (D)
  4 scorpions (D)
  4 necrophages (D)
  4 lava snakes (D)
  A hell rat (D)
35 creatures vanquished.

Vanquished Creatures (others)
  Menkaure (D)
1 creature vanquished.

Grand Total: 36 creatures vanquished

Notes
Turn   | Place    | Note
-------+----------+-------------------------------------------
     0 | D        | Groucho the Spriggan Enchanter began the quest for the Orb.
     0 | D        | Reached XP level 1. HP: 9/9 MP: 5/5
     1 | D        | Noticed a scorpion
     1 | D        | Noticed a scorpion
     5 | D        | Noticed a scorpion
     5 | D        | Noticed a scorpion
     8 | D        | Killed a scorpion
     9 | D        | Reached skill level 6 in Stealth
     9 | D        | Reached skill level 5 in Hexes
     9 | D        | Reached XP level 2. HP: 16/16 MP: 5/8
     9 | D        | Reached XP level 3. HP: 19/19 MP: 6/10
    12 | D        | Killed a scorpion
    13 | D        | Reached skill level 5 in Short Blades
    13 | D        | Reached skill level 9 in Stealth
    13 | D        | Reached skill level 5 in Spellcasting
    13 | D        | Reached XP level 4. HP: 24/24 MP: 7/12
    13 | D        | Killed a scorpion
    14 | D        | Reached skill level 12 in Stealth
    14 | D        | Reached XP level 5. HP: 28/28 MP: 7/13
    16 | D        | Reached skill level 14 in Stealth
    21 | D        | Noticed a wyvern
    21 | D        | Noticed a wyvern
    24 | D        | Killed a wyvern
    25 | D        | Reached skill level 15 in Stealth
    25 | D        | Reached XP level 6. HP: 32/32 MP: 7/14
    27 | D        | Killed a wyvern
    28 | D        | Reached XP level 7. HP: 36/36 MP: 8/15
    32 | D        | Noticed a boulder beetle
    32 | D        | Noticed a boulder beetle
    35 | D        | Killed a boulder beetle
    36 | D        | Reached skill level 10 in Short Blades
    36 | D        | Reached XP level 8. HP: 40/40 MP: 8/16
    38 | D        | Killed a boulder beetle
    64 | D        | Learned a level 3 spell: Confusing Touch
    77 | D        | Killed Menkaure
   139 | D        | Found Noucerak's Magic Scroll Boutique.
   139 | D        | Found Oraog's Jewellery Shop.
   139 | D        | Found Zateydd's General Store.
   139 | D        | Found Lodatyn's Distillery.
   139 | D        | Found Risymy's Antique Armour Boutique.
   140 | D        | Found Keiguirphum's Antique Weapon Shop.
   140 | D        | Found Lipp's Antique Armour Boutique.
   140 | D        | Found Moeweiv's Magic Scroll Shop.
   140 | D        | Found Gut Zin's Distillery.
   140 | D        | Found Popinauc's General Store.
   140 | D        | Found Poif Xuq's Jewellery Boutique.
   144 | D        | Learned a level 2 spell: Ensorcelled Hibernation
   148 | D        | Learned a level 3 spell: Dazzling Flash
   152 | D        | Learned a level 3 spell: Tukima's Dance
   152 | D        | Found Reufaite's Jewellery Boutique.
   152 | D        | Found Irghoabbea's Antique Armour Shop.
   152 | D        | Found Ochokhleg's Book Boutique.
   152 | D        | Noticed a polar bear
   156 | D        | Noticed a polar bear
   156 | D        | Noticed an oklob plant
   157 | D        | Found Baletre's Book Shoppe.
   160 | D        | Noticed a shining eye
   160 | D        | Noticed a shining eye
   166 | D        | Reached XP level 9. HP: 39/50 MP: 10/22
   166 | D        | Noticed a shining eye
   169 | D        | Noticed an ice dragon
   254 | D        | Bought a book of Geomancy for 198 gold pieces
   261 | D        | Learned a level 2 spell: Passwall
   265 | D        | Learned a level 3 spell: Stone Arrow
   267 | D        | Bought a ring of flight for 245 gold pieces
   272 | D        | Bought a +1 robe of fire resistance for 165 gold pieces
   274 | D        | Bought a polished cloak for 209 gold pieces
   274 | D        | Identified the +0 cloak "Ylithito" {Rampage rF- rC+++
                  | Str-2} (You bought it in a shop in the Dungeon)
   307 | D        | Found an iron altar of Okawaru.
   307 | D        | Found a radiant altar of Vehumet.
   307 | D        | Found a glowing silver altar of Zin.
   308 | D        | Found a sparkling altar of Nemelex Xobeh.
   308 | D        | Found a hide-covered altar of Uskayaw.
   309 | D        | Found an opulent altar of Gozag.
   309 | D        | Found a burning altar of Makhleb.
   309 | D        | Found a bloodstained altar of Trog.
   309 | D        | Found a basalt altar of Yredelemnul.
   310 | D        | Found a blossoming altar of Fedhas.
   310 | D        | Found a corrupted altar of Lugonu.
   310 | D        | Found a shimmering blue altar of Sif Muna.
   310 | D        | Found a shimmering altar of Xom.
   311 | D        | Found a white marble altar of Elyvilon.
   311 | D        | Found an ancient bone altar of Kikubaaqudgha.
   311 | D        | Found a sacrificial altar of Ru.
   312 | D        | Found a shadowy altar of Dithmenos.
   312 | D        | Found a viscous altar of Jiyva.
   313 | D        | Found a snail-covered altar of Cheibriados.
   316 | D        | Found a hazy altar of Hepliaklqana.
   317 | D        | Found a glowing golden altar of the Shining One.
   317 | D        | Found an ornate altar of the Wu Jian Council.
   317 | D        | Found a stormy altar of Qazlal.
   322 | D        | Became a worshipper of Dithmenos the Shadowed
   345 | D        | Reached * piety under Dithmenos
   346 | D        | Reached skill level 10 in Spellcasting
   359 | D        | Noticed a manticore
   359 | D        | Noticed a manticore
   361 | D        | Killed a manticore
   362 | D        | Reached skill level 1 in Conjurations
   362 | D        | Reached skill level 1 in Fire Magic
   447 | D        | Noticed a manticore
   451 | D        | Killed a manticore
   451 | D        | Reached ** piety under Dithmenos
   454 | D        | Killed a manticore
   851 | D        | Noticed a deep elf master archer
   856 | D        | Killed a deep elf master archer
   857 | D        | Reached skill level 5 in Conjurations
   857 | D        | Reached XP level 10. HP: 55/55 MP: 27/27
   861 | D        | Noticed an iron elemental
   863 | D        | Killed an iron elemental
   877 | D        | Noticed a death drake
   884 | D        | Reached *** piety under Dithmenos
   889 | D        | Reached skill level 5 in Fire Magic
   890 | D        | Reached **** piety under Dithmenos
   899 | D        | Noticed a crystal guardian
   902 | D        | Noticed a death drake
  1130 | D        | Noticed an ice statue
  1156 | D        | Identified Roxanne's Spellbook of Transition
  1156 | D        | Noticed Roxanne
  1538 | D        | Killed a death drake
  1560 | D        | Reached ***** piety under Dithmenos
  1951 | D        | Noticed a golden dragon
  1953 | D        | Killed a golden dragon
  1954 | D        | Reached skill level 10 in Earth Magic
  1954 | D        | Reached XP level 11. HP: 54/58 MP: 23/28
  1959 | D        | Found Nurchulat's Distillery.
  1959 | D        | Found Ucruemed's Magic Scroll Shop.
  1959 | D        | Found Jeopsud's Assorted Antiques.
  1959 | D        | Found Cot Amut's Assorted Antiques.
  1959 | D        | Noticed a storm dragon
  2376 | D        | Killed from afar by a storm dragon

Illustrated notes

Levels and vault maps discovered:
D:        the_violet_keep_of_menkaure [sprint2_stairs_cluster_1,
          sprint2_shoproom, sprint2_temple, sprint2_basic_supplies,
          sprint2_obstacle_2, sprint2_obstacle_6, sprint2_obstacle_5,
          sprint2_obstacle_4, sprint2_obstacle_1, sprint2_timed_cluster_1,
          sprint2_smallroom_cluster_1, sprint2_smallroom_final_cluster_1,
          sprint2_transparent_cluster_1, sprint2_second_timed_cluster_1,
          sprint2_sniper_area_1, sprint2_heavy_combat_area_1,
          sprint2_mutation_trap_area_1, sprint2_forest_area_1,
          sprint2_light_combat_area_1, sprint2_behind_water_1,
          sprint2_near_end_vault_1]

Skill      XL: |  1  2  3  4  5  6  7  8  9 10 |
---------------+-------------------------------+-----
Fighting       | 2 3 7 |  7.0
Short Blades   | 3 5 7 8 10 | 10.0
Dodging        | 4 |  4.0
Stealth        | 6 9 12 15 | 15.0
Spellcasting   | 4 5 8 12 | 12.0
Hexes          | 5 7 9 13 14 | 14.0
Conjurations   | 5 8 |  8.6
Fire Magic     | 4 6 |  6.5
Earth Magic    | 6 10 | 10.3

Action                     |  1- 3 |  4- 6 |  7- 9 | 10-12 || total
---------------------------+-------+-------+-------+-------++-------
  Melee: Dagger            |     6 |     4 |    51 |    31 ||    92
         Punch             |       |       |       |     1 ||     1
   Cast: Confusing Touch   |       |       |     3 |     2 ||     5
         Ensorcelled Hiber |       |       |    14 |     4 ||    18
         Stone Arrow       |       |       |       |     2 ||     2
         Dazzling Flash    |       |       |       |     2 ||     2
 Invoke: Shadow Step       |       |       |       |     2 ||     2
    Use: Potion            |     3 |       |     1 |     1 ||     5
   Stab: Sleeping          |     2 |     2 |    12 |    15 ||    31
         Invisible         |     1 |     2 |       |       ||     3
         Confused          |       |       |     4 |     1 ||     5
 Armour: Robe              |     1 |       |     2 |     1 ||     4
  Dodge: Dodged            |     1 |       |    26 |    13 ||    40
